[Event "IX Famalicao Open 2022"]
[Site "Vila Nova de Famalicao"]
[Date "2022.07.30"]
[Round "9.2"]
[White "Martinez Duany, Lelys Stanley"]
[Black "Nigmatov, Ortik"]
[Result "1/2-1/2"]
[ECO "B51"]
[WhiteElo "2497"]
[BlackElo "2437"]
[Annotator "TA"]
[PlyCount "118"]
[EventDate "2022.07.25"]
[EventType "tourn"]
[EventCountry "POR"]
[SourceTitle "playchess.com"]
[Source "ChessBase"]
[SourceQuality "1"]
[TimeControl "5400+30"]

1. e4 c5 2. Nf3 d6 3. Bb5+ Nd7 4. O-O a6 5. Bd3 Ngf6 6. Re1 {[%emt 0:01:09] B51: Sicilian: Moscow Variation (3 Bb5+) without 3...Bd7.} e5 7. a4 Be7 8. Bc4 {[%emt 0:01:30] White has an edge.} O-O 9. d3 {[%emt 0:00:26] [#]} Ne8 $146 ({Predecessor:} 9... Qe8 10. Nbd2 Nb6 11. Bb3 Be6 12. Bxe6 fxe6 13. a5 Nc8 14. Nc4 Nh5 15. Ng5 Bxg5 16. Bxg5 {1-0 (61) Pinter,E (2407)-Rachela,M (2244) Slovakia 2003}) 10. Nc3 Nc7 11. Ne2 Nb8 12. Ng3 Nc6 13. c3 Rb8 14. h3 b5 15. axb5 axb5 16. Bb3 Re8 17. Nh2 Be6 18. Ng4 Qd7 19. Nf5 Bxf5 20. exf5 Qxf5 21. Ne3 {[%emt 0:00:15] Prevents d5.} Qd7 22. Qf3 {[%emt 0:00:17] Against d5} Ne6 23. Nf5 Bf8 24. Ra6 c4 25. dxc4 ({Much weaker is} 25. Rxc6 cxb3 26. Ra6 Nc5 $17) ({But not} 25. Qxc6 Qxc6 26. Rxc6 cxb3 $15) 25... e4 $1 26. Qg3 ({Wrong is} 26. Qxe4 $2 Nc5 27. Qg4 Rxe1+ $19) 26... Nc5 27. Rxc6 $2 {[%emt 0:14:13] [#]} Qxf5 $19 28. Ba2 (28. Rxc5 $17 Qxc5 29. Qe3) 28... Qd7 29. Rxc5 dxc5 30. cxb5 Rxb5 31. Bc4 Rb6 32. b3 Rg6 33. Qh4 Qf5 {[%emt 0:00:34] Against Qh5} 34. Qf4 Qxf4 35. Bxf4 Bd6 36. Be3 Rd8 37. Kf1 Kf8 38. Ra1 (38. Rd1 $15) 38... f5 ({Better is} 38... Be7 $17) 39. g3 Be7 40. h4 Rc6 41. Ra7 h6 42. h5 {[%emt 0:02:29] The position is equal.} Bf6 43. Bb5 {[%emt 0:01:19] This bishop pair is nice.} Rcc8 44. Bd7 Rb8 45. Bxc5+ Be7 46. Bxe7+ Kxe7 47. Bxf5+ $11 {[%emt 0:00:09][%mdl 4096] Endgame KRR-KRB} Kf6 48. Bxe4 Rxb3 49. Bg6 Rf8 50. Rc7 Rb2 51. Kg2 Ke6 52. Rxg7 Rfxf2+ 53. Kh3 Kf6 54. Rc7 Rfe2 55. Rf7+ Ke6 56. Rh7 Re3 57. Rxh6 Rxc3 58. Rh7 Re2 59. Rh8 {[%emt 0:01:38] [#] Black must now prevent Re8+.} Ree3 {[%emt 0:00:21] And White is the lucky defender.  Weighted Error Value: White=0.11 (very precise) /Black=0.10 (very precise)} 1/2-1/2

[Event "IX Famalicao Open 2022"]
[Site "Vila Nova de Famalicao"]
[Date "2022.07.30"]
[Round "9.4"]
[White "Spraggett, Kevin"]
[Black "Monteiro, Paulo Alexandre G"]
[Result "1/2-1/2"]
[ECO "A04"]
[WhiteElo "2487"]
[BlackElo "1980"]
[Annotator "TA"]
[PlyCount "87"]
[EventDate "2022.07.25"]
[EventType "tourn"]
[EventCountry "POR"]
[SourceTitle "playchess.com"]
[Source "ChessBase"]
[SourceQuality "1"]
[TimeControl "5400+30"]

1. Nf3 c5 2. c4 b6 3. g3 Nf6 4. Bg2 Bb7 5. O-O e6 6. Nc3 d6 7. Re1 Be7 8. e4 Nbd7 {A30: Symmetrical English: Double Fianchetto and Hedgehog.} 9. d3 O-O 10. h3 a6 11. Nh2 Ne5 12. f4 Nc6 13. Nf3 Nd7 14. g4 {[#]} Nd4 $146 ({Predecessor:} 14... Rb8 15. g5 Re8 16. h4 Ba8 17. a4 Bf8 18. Be3 Nb4 19. Bf2 Bc6 20. Qe2 b5 21. axb5 axb5 22. cxb5 Bxb5 23. Nxb5 Rxb5 {0-1 (47) Nithander,V (2438)-Henrichs,T (2493) Gothenburg 2012}) 15. Nxd4 (15. Be3 {keeps more tension.} e5 16. f5 b5 17. Bf2) 15... cxd4 16. Ne2 e5 17. Rf1 b5 18. b3 b4 19. Kh1 (19. a3 $5 ) 19... Nc5 20. Ng1 a5 21. Nf3 a4 {...axb3 is the strong threat.} 22. Rb1 axb3 23. axb3 Nd7 24. Qe2 h6 25. Rg1 Ra7 26. f5 Nc5 27. Rb2 Ra1 28. Bd2 $2 (28. Qc2 $15) 28... Rxg1+ $2 (28... Qa5 $19 {Hoping for ...Rxg1+.} 29. Bc1 Ra8) 29. Kxg1 $15 Qb6 ({Black should play} 29... Qa5 $15 30. Rb1 Re8) 30. g5 hxg5 31. Bxg5 Bxg5 32. Nxg5 {[#] White wants to mate with Qh5.} f6 33. Nf3 (33. Ne6 $11 {remains equal.} Nxe6 34. fxe6) 33... Ra8 $17 34. Nh4 Qa5 {Threatens to win with ...Qa1+.} 35. Kh2 Qa1 {[%cal Oc5d3] [#] Strongly threatening ...Nxd3!} 36. Rd2 Nxb3 37. Rd1 Qa2 ({Better is} 37... Qa4 $11 38. Qh5 Qe8) 38. Qh5 Qf2 (38... Nc5 $17 {aiming for ...b3.} 39. Ng6 Re8) 39. Ng6 $1 $36 {[%mdl 2048] White has the initiative. The position is equal.} Qe3 40. Rb1 {Dancing on a razor blade.} Qxd3 41. Ne7+ Kf8 42. Ng6+ Kg8 43. Ne7+ Kf8 44. Ng6+ {Weighted Error Value: White=0.21 (precise) /Black=0.19 (very precise)} 1/2-1/2

[Event "IX Famalicao Open 2022"]
[Site "Vila Nova de Famalicao"]
[Date "2022.07.30"]
[Round "9.5"]
[White "Aditya Mittal"]
[Black "Goncalves, Samuel Jesus P"]
[Result "1-0"]
[ECO "D18"]
[WhiteElo "2480"]
[BlackElo "1957"]
[Annotator "TA"]
[PlyCount "75"]
[EventDate "2022.07.25"]
[EventType "tourn"]
[EventCountry "POR"]
[SourceTitle "playchess.com"]
[Source "ChessBase"]
[SourceQuality "1"]
[TimeControl "5400+30"]

1. Nf3 d5 2. d4 Nf6 3. c4 c6 4. Nc3 dxc4 5. a4 Bf5 6. e3 e6 7. Bxc4 Bb4 8. O-O O-O 9. Nh4 Nbd7 10. Nxf5 exf5 11. h3 {[%emt 0:00:16] D18: Slav Defence: 5 a4 Bf5 6 e3.} Qe7 12. a5 {[%emt 0:14:58] [#]} Rfd8 $146 ({Predecessor:} 12... Ne4 13. Qb3 Ndf6 14. Bd3 Rad8 15. Ne2 c5 16. Rd1 Qc7 17. a6 b6 18. f3 Nd6 {1-0 (90) Fominykh,M (2279)-Goryachkina,A (2397) Khanty-Mansiysk 2012}) 13. Qf3 {[%emt 0:03:41] White is slightly better.} g6 14. g4 fxg4 15. hxg4 h5 16. gxh5 Nxh5 17. Qe4 {[%emt 0:08:55] Threatens to win with Qxg6+. White is more active.} Qd6 {[%emt 0:05:33] [#]} ({Better is} 17... Qg5+ $14 18. Qg2 Qxg2+ 19. Kxg2 Ndf6) 18. Qg2 $1 $16 Nf8 (18... Re8 $16 {was called for.} 19. Ne4 Rxe4 20. Qxe4 Kg7) 19. Ne4 $18 Qc7 20. f4 Re8 (20... Rd7 {might work better.} 21. f5 Kh8 22. fxg6 fxg6) 21. Ng5 Re7 22. f5 Kh8 23. f6 Rd7 24. Rf3 {[%emt 0:03:27] Strongly threatening Rh3.} Nh7 $2 (24... c5) 25. Nxh7 Kxh7 26. Rh3 {[%emt 0:00:47][%cal Oh3h5] White threatens Rxh5+! and mate.} Rg8 27. Bd3 Kh8 28. Qg5 Bf8 {[%emt 0:00:20] Prevents Qh6+.} 29. Kh1 Rd5 {[%emt 0:01:27] [#]} 30. Bf5 $1 Rxf5 {[%emt 0:02:07] [#]} 31. Qxf5 $3 Bh6 32. Qf3 Qd6 33. e4 Kh7 34. Bxh6 {[%emt 0:01:08] White wants to mate with Rxh5.} Kxh6 35. Rg1 {[%emt 0:00:31] White mates.} Qd8 36. Qf4+ Kh7 {[%emt 0:00:48] [#]} 37. Qf5 $3 gxf5 (37... Rg7 38. Qxh5+) 38. Rxh5# {[%emt 0:00:04] Black did not feel at home in the position after the opening.  Weighted Error Value: White=0.11 (very precise) /Black=0.76} 1-0

[Event "IX Famalicao Open 2022"]
[Site "Vila Nova de Famalicao"]
[Date "2022.07.30"]
[Round "9.6"]
[White "Borges, Guilherme Deola"]
[Black "Rodriguez Lopez, Rafael"]
[Result "0-1"]
[ECO "D97"]
[WhiteElo "2185"]
[BlackElo "2172"]
[Annotator "TA"]
[PlyCount "60"]
[EventDate "2022.07.25"]
[EventType "tourn"]
[EventCountry "POR"]
[SourceTitle "playchess.com"]
[Source "ChessBase"]
[SourceQuality "1"]
[TimeControl "5400+30"]

1. d4 Nf6 2. c4 g6 3. Nc3 d5 4. Nf3 Bg7 5. Qb3 dxc4 6. Qxc4 O-O 7. e4 a6 8. Be2 b5 9. Qb3 c5 10. dxc5 Be6 11. Qc2 {D97: Grünfeld: Russian System: 7 e4, replies other than 7...Bg4.} Nbd7 12. Be3 Rc8 $1 13. Rd1 {The position is equal.} b4 {13...Qa5 is more fashionable.} 14. Na4 {Threatens to win with Nd4.} Qa5 {Hoping for ...b3+.} 15. O-O {Strongly threatening Ng5.} Ng4 {[#]} 16. Rc1 $146 ({Don't play} 16. c6 Nxe3 17. fxe3 Nb6 $17) (16. Bd4 $1 $11 {and White is okay.}) ({Predecessor:} 16. Bd4 Bxd4 17. Nxd4 Nxc5 18. Nxc5 Rxc5 19. Qd2 Nf6 20. Nxe6 fxe6 21. Qd4 {1-0 (52) Vorobiov,E (2592)-Schut,L (2286) Paleochora 2010}) 16... Nxe3 $19 17. fxe3 Bh6 {A strong pair of Bishops.} 18. Kf2 Nf6 {...Ng4+ is the strong threat.} 19. h3 {Prevents Ng4+.} Nxe4+ $2 20. Qxe4 $14 Qxa4 21. a3 ({White should play} 21. Qh4 $14 Kg7 22. c6 (22. Qxe7 $2 Rfe8 $19)) 21... a5 $11 22. axb4 axb4 23. Nd4 {Prevents Qb3.} b3 24. Bf3 Qa2 25. Nxe6 Qxb2+ 26. Kg3 fxe6 27. Qxe6+ Kh8 28. c6 Qd2 (28... Bg7 $15 29. Rb1 Qe5+ 30. Qxe5 Bxe5+ 31. Kf2 b2) 29. Qxb3 Qd6+ ({Much less strong is} 29... Bxe3 30. Qc3+ Qxc3 31. Rxc3 Bf4+ 32. Kf2 $16) 30. Kg4 $2 {[%mdl 8192] [#]} (30. Kf2 $11) 30... Rf4+ $3 {[%mdl 512] Weighted Error Value: White=0.53/Black=0.25 (precise)} 0-1

[Event "IX Famalicao Open 2022"]
[Site "Vila Nova de Famalicao"]
[Date "2022.07.30"]
[Round "9.7"]
[White "GUNDEPUDI, Hari Surya Bharadwaj"]
[Black "Petkov, Vladimir"]
[Result "1-0"]
[ECO "A45"]
[WhiteElo "1924"]
[BlackElo "2470"]
[Annotator "TA"]
[PlyCount "95"]
[EventDate "2022.07.25"]
[EventType "tourn"]
[EventCountry "POR"]
[SourceTitle "playchess.com"]
[Source "ChessBase"]
[SourceQuality "1"]
[TimeControl "5400+30"]

1. d4 Nf6 2. Bf4 e6 3. e3 c5 4. c3 cxd4 5. exd4 b6 6. Nf3 {[%emt 0:01:17] A45: Trompowsky Attack.} Be7 7. Nbd2 O-O 8. h3 {[%emt 0:03:42] The position is equal. has lost popularity (8.Bd3).} d6 9. Be2 {[%emt 0:01:34] Recently 9.a4 got a lot of attention.} Bb7 10. O-O Nbd7 11. Re1 Re8 12. a4 a6 {[%emt 0:00:09] [#]} 13. a5 $146 ({Predecessor:} 13. Bh2 Qc7 14. Bd3 Bf8 15. Qb3 Qc6 16. Bf1 Rac8 17. Bd3 g6 18. Qd1 Bh6 19. Qe2 {1-0 (105) Weetik,V (2423)-Grabinsky,A (2423) Chess.com INT 2021}) 13... Nd5 14. Bh2 b5 {[%emt 0:08:16] Prevents Nc4.} 15. Bd3 Nf8 16. Nf1 Ng6 17. Qd2 Rc8 18. Bb1 Rc7 19. Qd3 Qa8 20. h4 Nf6 {[%emt 0:03:26] Black wants to play ...Bxf3.} 21. N1d2 Bf8 22. Qf1 Rd7 23. Bg3 Nh5 24. Ng5 Bd5 (24... Be7 $11) 25. c4 bxc4 26. Nxc4 Bxc4 27. Qxc4 Nf6 28. Bd3 Ra7 29. Rec1 h6 30. Bxg6 hxg5 31. Bd3 gxh4 32. Bxh4 Nd5 33. Be4 Qb8 34. Bxd5 exd5 35. Qxd5 Qxb2 36. Rab1 Qa3 37. Re1 Raa8 {[%emt 0:00:59] [#]} ({Black should play} 37... Rxe1+ $14 38. Rxe1 Rc7) 38. Bg5 {[%emt 0:06:07] White is more active.} ({White should try} 38. Re3 $1 $16 Rxe3 39. Qxa8) 38... Rac8 $2 (38... Rxe1+ $11 39. Rxe1 Rb8) 39. Rxe8 $18 Rxe8 40. Rb7 Re6 41. Qf5 {[%emt 0:01:16] Prevents Qd3.} Re1+ 42. Kh2 Qa2 43. d5 f6 {[%emt 0:01:04] [#]} 44. Bxf6 $1 {[%emt 0:00:18][%mdl 512] Intending Qg6 and mate.} Qa4 (44... Qd2 45. Bxg7) 45. Bg5 (45. Qg5 $142 Re7 46. Rxe7 Qh4+ 47. Qxh4 Bxe7 48. Bxe7 Kf7 49. Qg5 Ke8 50. Qxg7 Kd7 51. Qf8 Kc7 52. Qa8 Kd7 53. Qd8#) 45... Re5 (45... Qe8 $142) 46. Qf7+ Kh7 47. f4 ({Less strong is} 47. Qxf8 Rxg5 48. Qf3 (48. Qxd6 $2 Qe4 $19) 48... Kh6 $14) 47... Re8 48. Rb1 {[%emt 0:02:04] Weighted Error Value: White=0.25 (precise) /Black=0.30} (48. f5 $142 Re7 49. Bxe7 Qf4+ 50. Kh3 Qh6+ 51. Bh4 Qe3+ 52. Bg3 Qh6+ 53. Kg4) 1-0

[Event "IX Famalicao Open 2022"]
[Site "Vila Nova de Famalicao"]
[Date "2022.07.30"]
[Round "9.8"]
[White "Quintas Otero, Anton"]
[Black "Dias, Ivo Rodrigues"]
[Result "0-1"]
[ECO "E00"]
[WhiteElo "1730"]
[BlackElo "2133"]
[Annotator "TA"]
[PlyCount "82"]
[EventDate "2022.07.25"]
[EventType "tourn"]
[EventCountry "POR"]
[SourceTitle "playchess.com"]
[Source "ChessBase"]
[SourceQuality "1"]
[TimeControl "5400+30"]

1. d4 Nf6 2. c4 e6 3. Nc3 c5 4. d5 exd5 5. cxd5 g6 6. e4 d6 7. h3 a6 8. a4 Bg7 9. Bd3 O-O 10. Nf3 Re8 {[%cal Of6e4] A70: Modern Benoni: 6 e4 g6 7 Nf3.} 11. Qc2 Qc7 12. O-O Nbd7 {White is better.} 13. Bf4 Rb8 14. a5 {[#]} h6 $146 ({Predecessor:} 14... b5 15. axb6 Rxb6 16. Bd2 Nh5 17. Nd1 Qb8 18. g4 Nhf6 19. Re1 c4 20. Bxc4 Nc5 {0-1 (48) Bradney,R (2005)-Gould,I (2012) ICCF email 2014}) 15. Nd2 g5 16. Bh2 {Nc4 is the strong threat.} Ne5 17. Bxe5 Rxe5 18. Nc4 Re8 19. Rab1 Nd7 (19... Bd7 $14) 20. Na4 $16 Ne5 21. Nab6 Qd8 ({Black should play} 21... Nxc4 $14 22. Qxc4 (22. Nxc4 Bd7 $14) 22... Bd7) 22. f4 (22. Nxe5 $16 Bxe5 23. b4) 22... gxf4 $1 $11 23. Nxc8 (23. Nxe5 $11 Bxe5 24. Kh1) 23... Rxc8 24. Nb6 (24. Rxf4 $15 Nxc4 25. Bxc4) 24... Rc7 ({Much less strong is} 24... Nxd3 25. Qxd3 Rc7 26. Rxf4 $14) (24... c4 $1 $17 25. Bxc4 Nxc4 26. Nxc4 Qxa5 27. Nxa5 Rxc2 28. Rxf4 Bxb2) 25. Rxf4 Qg5 26. Rbf1 Ng6 27. Rf5 Qg3 (27... Qe3+ $11 28. Kh1 Ne5) 28. R5f3 $14 Qg5 (28... Qe5 $11 {was preferrable.}) 29. Rf5 (29. Nc4 $14) 29... Qe3+ 30. Kh1 {[#] Black must now prevent Nc4.} Be5 (30... Ne5 $11 {remains equal.} 31. Bc4 Ng6) 31. Nc4 $16 Qg3 32. Nxe5 Rxe5 33. Qf2 {[%mdl 8192] This move loses the game for White.} Qxd3 $19 34. Rxf7 {[#]} (34. Rf6 $142 Qxe4 35. Rxf7) 34... Qxf1+ $3 35. Qxf1 Rxf7 36. Qd3 Nf4 37. Qg3+ Rg5 38. Qh4 Rxg2 {Black mates.} 39. Qd8+ Kh7 40. Qc8 Rg5 41. h4 Rg8 {Weighted Error Value: White=0.93/Black=0.22 (precise)} 0-1

[Event "IX Famalicao Open 2022"]
[Site "Vila Nova de Famalicao"]
[Date "2022.07.30"]
[Round "9.9"]
[White "Romano, Joao"]
[Black "Ribeiro, Rodrigo"]
[Result "1/2-1/2"]
[ECO "A34"]
[WhiteElo "2029"]
[BlackElo "1903"]
[Annotator "TA"]
[PlyCount "43"]
[EventDate "2022.07.25"]
[EventType "tourn"]
[EventCountry "POR"]
[SourceTitle "playchess.com"]
[Source "ChessBase"]
[SourceQuality "1"]
[TimeControl "5400+30"]

1. c4 c5 2. Nc3 Nf6 3. Nf3 b6 4. e3 g6 5. b3 Bg7 6. Bb2 O-O 7. Be2 Bb7 8. O-O d5 {[%emt 0:04:29] The main line 8...d5 scores better than 8...Nc6. A30: Symmetrical English: Double Fianchetto and Hedgehog.} 9. cxd5 Nxd5 10. Qc2 {[%emt 0:01:45] [#]} Nc6 $146 {[%emt 0:06:12] Black is slightly better.} ({Predecessor:} 10... Nb4 11. Qb1 Nd7 12. a3 Nc6 13. Rd1 e5 14. d4 exd4 15. exd4 Nxd4 16. Nxd4 Bxd4 {0-1 (30) Kharbouch,M (2218)-Efimov,I (2416) Europe Echecs INT 2020}) 11. Rfd1 Rc8 12. Nxd5 Qxd5 13. Bxg7 Kxg7 {[%emt 0:00:07] The position is equal.} 14. Qb2+ Kg8 15. Bf1 Rfd8 16. d4 cxd4 17. Nxd4 Nxd4 18. Rxd4 Qf5 19. Rc1 Rxd4 20. Rxc8+ Bxc8 21. Qxd4 Qd7 {[%emt 0:00:19] Against Qd8+} 22. Qxd7 {[%emt 0:01:47] Weighted Error Value: White=0.08 (flawless) /Black=0.04 (flawless)} 1/2-1/2

[Event "IX Famalicao Open 2022"]
[Site "Vila Nova de Famalicao"]
[Date "2022.07.30"]
[Round "9.10"]
[White "Santos, Jose Miguel Sereno"]
[Black "Umetsubo, Cesar Hidemitsu"]
[Result "0-1"]
[ECO "B50"]
[WhiteElo "1850"]
[BlackElo "2405"]
[Annotator "TA"]
[PlyCount "120"]
[EventDate "2022.07.25"]
[EventType "tourn"]
[EventCountry "POR"]
[SourceTitle "playchess.com"]
[Source "ChessBase"]
[SourceQuality "1"]
[TimeControl "5400+30"]

1. e4 c5 2. Nf3 d6 3. Nc3 Nf6 4. Bc4 Nc6 5. a4 e6 6. d4 cxd4 7. Nxd4 Be7 8. O-O O-O 9. Be3 a6 10. Be2 Qc7 11. f4 Nxd4 {[%emt 0:01:49] B50: Sicilian: 2...d6, Miscellaneous.} 12. Bxd4 e5 13. Be3 exf4 {[%emt 0:03:38] The position is equal.} 14. Rxf4 Be6 15. Qd4 {[%emt 0:03:42] [#]} Nd7 $146 ({Predecessor:} 15... Rac8 16. Raf1 Nd7 17. Nd5 Bxd5 18. exd5 Bg5 19. Rg4 Bxe3+ 20. Qxe3 Ne5 21. Rb4 Rce8 {½-½ (42) Beltrami,N-Wagman,S (2139) Arvier 2004}) 16. Rd1 Bf6 17. Qd2 Be5 18. Rff1 Rac8 19. Bd4 Rfd8 20. Qe3 f6 21. Rd2 Qa5 22. Rb1 Qb4 23. h3 Nf8 24. Bg4 Bxg4 25. hxg4 Ne6 26. Bxe5 dxe5 ({Of course not} 26... fxe5 27. Nd5 Qc5 28. Qxc5 Rxc5 29. b3 $11) 27. Nd5 Qc5 28. Re1 Kf7 29. b3 b5 30. axb5 axb5 31. Kf1 Qxe3 32. Rxe3 Nd4 33. c3 Ne6 34. Ke2 Ra8 35. c4 {[%emt 0:03:03] [#]} (35. Rb2 $17 {was the only defense.}) 35... bxc4 $1 $19 36. bxc4 Rdb8 {[%emt 0:01:08] Inhibits Rb2.} 37. Rc3 {[%emt 0:02:05] [#]} Nc5 $1 38. Ke3 Ra1 39. Re2 Rbb1 40. Rcc2 Ra3+ 41. Rc3 Rxc3+ 42. Nxc3 {[%emt 0:00:04][%mdl 4096] Endgame KRN-KRN} Rb4 43. Nb5 Rb3+ 44. Kf2 Kg6 45. Nd6 Kg5 46. Re3 Rb6 ({Not} 46... Kxg4 47. Rxb3 Nxb3 48. Nb7 $17) 47. Nb5 (47. Ne8 $17) 47... Kxg4 48. Nc3 $2 (48. Rg3+ Kf4 49. Rxg7) 48... Rb2+ 49. Kg1 h5 50. Kh2 Kg5 51. Nd5 Rb3 {[%emt 0:01:06] And now ...Rxe3 would win.} 52. Rxb3 (52. Rf3 {was necessary.}) 52... Nxb3 {[%emt 0:00:01] KN-KN} 53. g3 (53. Nc7 $142 Nc5 54. Kh3) 53... Nc5 54. Nc3 Kg4 {[%emt 0:00:48] Strongly threatening ...Kf3.} 55. Kg2 g6 56. Kf2 Kh3 57. Kf3 g5 58. Kf2 g4 59. Ne2 Nxe4+ 60. Ke3 f5 {[%emt 0:00:39] Weighted Error Value: White=0.74/Black=0.07 (flawless)} (60... Nxg3 $142 61. Nc1 Nf5+ 62. Ke4 Nd4) 0-1

[Event "IX Famalicao Open 2022"]
[Site "Vila Nova de Famalicao"]
[Date "2022.07.30"]
[Round "9.11"]
[White "Campora, Daniel H."]
[Black "Perez Estevez, Sergio"]
[Result "1-0"]
[ECO "C00"]
[WhiteElo "2397"]
[BlackElo "1765"]
[Annotator "TA"]
[PlyCount "45"]
[EventDate "2022.07.25"]
[EventType "tourn"]
[EventCountry "POR"]
[SourceTitle "playchess.com"]
[Source "ChessBase"]
[SourceQuality "1"]
[TimeControl "5400+30"]

1. e4 e6 2. d3 d5 3. Nd2 Nf6 4. g3 c5 5. Bg2 Nc6 6. f4 Be7 7. c3 {[#] C00: French: Unusual White 2nd moves.} h5 $146 (7... e5 $15) ({Predecessor:} 7... O-O 8. e5 Nd7 9. Ngf3 b5 10. O-O a5 11. Re1 Ba6 12. Nf1 Qb6 13. Be3 Rad8 14. d4 b4 {0-1 (27) Weatherlake,J (1922)-Shepley,J (1929) England 2019}) 8. h3 (8. Ngf3 $11) 8... Qc7 9. Ne2 {Black has an edge.} b6 10. O-O Bb7 11. e5 Nd7 12. a3 h4 (12... g5 $11) 13. g4 $14 g5 (13... O-O-O $14 {is superior.}) 14. Nf3 gxf4 15. Bxf4 d4 {This move loses the game for Black.} (15... O-O-O $14) 16. cxd4 $18 {[%cal Od4d5] [#] Hoping for d5!} cxd4 17. Rc1 (17. Nfxd4 $2 Nxd4 18. Bxb7 (18. Nxd4 $2 Bc5 $19) 18... Nxe2+ 19. Qxe2 Qxb7 $19) 17... Qb8 18. b4 (18. Nfxd4 Nxd4 19. Nxd4 Bc5 $14) 18... a5 19. b5 (19. Nfxd4 $6 Na7 20. Bxb7 Qxb7 $18) (19. Nexd4 $6 Nxd4 20. Nxd4 Bxg2 21. Kxg2 Qb7+ 22. Nc6 Nb8 $18) 19... Na7 20. a4 ({Less strong is} 20. Nfxd4 Bxg2 21. Kxg2 Bxa3 $11) (20. Nexd4 Bxa3 21. Rc2 Bc5 $16) 20... Bc5 21. Kh1 ({Much less strong is} 21. Nfxd4 Nf8 22. Kh2 Bxg2 $18) 21... Nc8 22. Nexd4 Ne7 {Inhibits Nc6.} 23. Nc6 {Weighted Error Value: White=0.12 (very precise) /Black=0.38} 1-0